AoeStats
← Mameluco

Arena

510116320Analyzed
1v1 RM · 2d ago on Sep 29, 2026· 62m 48s· 2 players
Game mode
Random Map
Map size
Tiny (2 player)
Population
200
Speed
Normal
Resources
Standard
Victory
Conquest
Starting age
Dark Age
Ending age
Imperial Age
RankedLock teamsTeams togetherTeam positionsShared explorationLock speedFull tech treeHidden civsTurbo modeCheats
Victory
Defeat
🇪🇸 Muisca · Spain
876
+15
🇨🇳 Aztecs · China
865
-15
3591651431
4:46 Loom
10:53 Feudal Age
11:28 Double-Bit Axe
18:00 Castle Age
16:32 Stone Mining
17:48 Man-at-Arms
18:49 Man-at-Arms
19:49 Long Swordsman
23:39 Fletching
29:38 Gold Mining
38:07 Imperial Age
36:14 Wheelbarrow
36:36 Gold Shaft Mining
42:43 Conscription
42:54 Siege Engineers
43:11 Ballistics
42:33 Treadmill Crane
44:12 Scale Mail Armor
44:49 Bow Saw
47:18 Eagle Warrior
52:18 Chemistry
52:42 Stone Shaft Mining
51:38 Elite Eagle Warrior
52:20 Squires
53:00 Forging
53:06 Chain Mail Armor
54:26 Iron Casting
54:44 Gambesons
56:36 Padded Archer Armor
57:37 Blast Furnace
56:34 Bodkin Arrow
56:10 Elite Skirmisher
57:40 Pikeman
60:04 Horse Collar
Mameluco
1:13 Loom
9:01 Feudal Age
13:38 Stone Mining
16:13 Castle Age
14:42 Loom
36:25 Imperial Age
34:19 Fletching
38:44 Bodkin Arrow
44:44 Bracer
44:44 Padded Archer Armor
50:59 Elite Guecha Warrior
52:28 Double-Bit Axe
52:34 Gold Mining
52:27 Horse Collar
53:23 Leather Archer Armor
55:16 Chemistry
54:37 Ballistics
56:17 Herbalism
55:44 Champi Runner
56:25 Squires
59:28 Champi Warrior
60:43 Forging
60:33 Scale Mail Armor
61:56 Siege Engineers
61:47 Murder Holes
Connection lost

Rejoining the realm…

Still unreachable

The connection could not be restored.

Session expired

The server has moved on; the page needs a fresh start.